AoeStats
← Jesulito123

Black Forest

511933801Analyzed
4v4 RM · 12d ago on Oct 7, 2026· 51m 59s· 8 players
Game mode
Random Map
Map size
Large (8 player)
Population
200
Speed
Normal
Resources
Standard
Victory
Conquest
Starting age
Dark Age
Ending age
Imperial Age
RankedLock teamsTeams togetherTeam positionsShared explorationLock speedFull tech treeHidden civsTurbo modeCheats
Victory
Defeat
1083
+12
1066
+13
🇹🇼 Persians · Taiwan
1003
+15
🇨🇳 Magyars · China
928
+18
vs
🇪🇸 Spanish · Spain
1094
-18
🇵🇱 Poles · Poland
983
-14
🇫🇷 Romans · France
965
-14
🇫🇷 Hindustanis · France
920
-12
郁金香没你香
6:45 Loom
13:28 Feudal Age
19:03 Castle Age
20:17 Double-Bit Axe
20:13 Horse Collar
20:28 Stone Mining
21:33 Wheelbarrow
27:43 Hand Cart
28:43 Heavy Plow
28:56 Bow Saw
32:32 Imperial Age
32:38 Scale Barding Armor
35:26 Chain Barding Armor
36:03 Conscription
35:46 Corvinian Army
35:07 Elite Magyar Huszar
37:07 Plate Barding Armor
37:12 Corvinian Army
37:18 Recurve Bow
38:49 Ballistics
39:30 Chemistry
38:41 Masonry
38:29 Elite Magyar Huszar
43:04 Heavy Cavalry Archer
44:11 Parthian Tactics
43:53 Thumb Ring
43:42 Fletching
43:53 Padded Archer Armor
47:34 Recurve Bow
平生不修善果 只爱石油军火
0:34 Loom
12:06 Feudal Age
13:21 Double-Bit Axe
15:52 Castle Age
13:54 Gold Mining
20:47 Imperial Age
19:06 Bow Saw
21:35 Horse Collar
22:00 Padded Archer Armor
24:23 Leather Archer Armor
26:27 Ring Archer Armor
32:07 Two-Man Saw
34:22 Heavy Plow
34:59 Wheelbarrow
36:15 Stone Mining
37:06 Gold Shaft Mining
37:16 Hand Cart
40:14 Town Watch
41:56 Scale Barding Armor
42:01 Forging
41:44 Elite Janissary
43:14 Artillery
44:25 Conscription
44:41 Chain Barding Armor
44:57 Iron Casting
44:42 Artillery
45:02 Conscription
45:05 Caravan
傑森・史塔森
14:35 Feudal Age
18:45 Castle Age
17:26 Double-Bit Axe
17:22 Horse Collar
17:32 Loom
23:51 Bow Saw
28:05 Gold Mining
28:06 Stone Mining
31:48 Imperial Age
29:56 Wheelbarrow
31:05 Gold Shaft Mining
31:06 Stone Shaft Mining
32:19 Hand Cart
33:25 Two-Man Saw
32:26 Heavy Plow
32:38 Elite War Elephant
34:00 Scale Barding Armor
34:05 Forging
34:22 Citadels
35:28 Bloodlines
35:18 Husbandry
39:22 Chain Barding Armor
39:38 Iron Casting
39:56 Iron Casting
41:33 Chemistry
43:03 Blast Furnace
43:00 Plate Barding Armor
43:38 Pikeman
44:19 Squires
44:04 Arson
꧁༺乡 SC∆R 乡 ༻꧂
1:15 Loom
10:52 Feudal Age
18:15 Castle Age
16:08 Gold Mining
16:59 Stone Mining
17:42 Double-Bit Axe
17:39 Horse Collar
20:17 Bow Saw
23:27 Wheelbarrow
22:38 Town Watch
27:27 Hand Cart
32:14 Imperial Age
30:39 Gold Shaft Mining
30:26 Redemption
31:30 Ballistas
31:53 Ballistics
32:17 Fletching
32:56 Heavy Scorpion
34:44 Chemistry
35:13 Heavy Plow
38:28 Scale Mail Armor
38:39 Forging
39:24 Comitatenses
39:25 Conscription
39:42 Chain Mail Armor
40:45 Iron Casting
40:15 Squires
39:36 Man-at-Arms
40:23 Long Swordsman
42:34 Blast Furnace
41:58 Block Printing
42:10 Illumination
41:15 Legionary
45:47 Bodkin Arrow
49:11 Padded Archer Armor
50:02 Caravan
50:34 Coinage
50:14 Guilds
50:22 Leather Archer Armor
50:13 Scale Barding Armor
49:39 Spies/Treason
52:41 Crop Rotation
52:23 Masonry
52:18 Siege Engineers
52:43 Illumination
52:13 Herbal Medicine
52:20 Devotion
52:33 Fervor
52:25 Atonement
Jesulito123
1:42 Loom
11:55 Feudal Age
14:23 Double-Bit Axe
16:48 Castle Age
14:45 Horse Collar
18:35 Bow Saw
19:42 Heavy Plow
20:21 Wheelbarrow
25:19 Bloodlines
25:03 Gold Mining
26:51 Forging
28:12 Hand Cart
28:45 Iron Casting
28:17 Scale Barding Armor
32:06 Imperial Age
29:41 Stone Mining
29:58 Husbandry
31:42 Chain Barding Armor
31:13 Fletching
31:29 Caravan
32:43 Stone Shaft Mining
32:16 Cavalier
36:42 Conscription
38:12 Two-Man Saw
38:39 Blast Furnace
38:14 Plate Barding Armor
37:42 Paladin
40:39 Bodkin Arrow
41:43 Coinage
41:47 Ballistics
42:18 Bracer
43:21 Chemistry
45:15 Murder Holes
giancarlo7
0:30 Loom
12:27 Feudal Age
12:31 Man-at-Arms
20:01 Castle Age
17:56 Double-Bit Axe
18:32 Scale Mail Armor
18:41 Horse Collar
19:03 Stone Mining
19:38 Gold Mining
20:12 Scale Barding Armor
21:28 Wheelbarrow
22:45 Bow Saw
31:11 Imperial Age
29:19 Husbandry
29:32 Forging
30:07 Szlachta Privileges
31:06 Chain Barding Armor
32:00 Chain Mail Armor
32:16 Conscription
31:58 Cavalier
34:11 Plate Mail Armor
35:32 Iron Casting
38:10 Blast Furnace
39:22 Chemistry
38:59 Fortified Wall
39:10 Ballistics
40:40 Murder Holes
47:10 Onager
Léodagan
0:32 Loom
13:49 Feudal Age
17:46 Castle Age
16:40 Double-Bit Axe
17:03 Horse Collar
18:43 Wheelbarrow
18:53 Bow Saw
27:49 Scale Barding Armor
28:19 Elite Skirmisher
29:44 Fletching
29:55 Padded Archer Armor
Triceratops
1:26 Loom
11:30 Feudal Age
15:16 Castle Age
14:30 Double-Bit Axe
16:10 Bow Saw
16:40 Wheelbarrow
16:16 Horse Collar
18:08 Heavy Plow
23:04 Gold Mining
23:17 Stone Mining
27:06 Gold Shaft Mining
26:40 Husbandry
26:55 Bloodlines
28:29 Caravan
29:10 Hand Cart
30:32 Scale Barding Armor
30:39 Forging
33:10 Imperial Age
32:56 Chain Barding Armor
33:12 Iron Casting
33:16 Heavy Camel Rider
35:20 Imperial Camel Rider
36:37 Plate Barding Armor
37:03 Blast Furnace
36:20 Siege Engineers
38:09 Siege Elephant
38:53 Town Watch
41:24 Sanctity
42:36 Chemistry
41:52 Masonry
41:40 Murder Holes
42:10 Ballistics
41:54 Scale Mail Armor
41:56 Squires
41:42 Arson
45:41 Grand Trunk Road
Connection lost

Rejoining the realm…

Still unreachable

The connection could not be restored.

Session expired

The server has moved on; the page needs a fresh start.